 Dungeon Crawl Stone Soup version 0.31-a0-879-g1609e0ac53 (webtiles) character file.

Game seed: 14828457516034305205

389 wvc the Slasher (level 6, -1/44 HPs)
             Began as a Demonspawn Reaver on Oct 14, 2023.
             Was an Initiate of Okawaru.
             Killed by divine providence
             ... invoked by an orc priest
              (15 damage)
             ... on level 5 of the Dungeon.
             The game lasted 00:09:00 (4065 turns).

wvc the Slasher (Demonspawn Reaver)                 Turns: 4065, Time: 00:09:01

Health: -1/44      AC: 10    Str: 19    XL:     6   Next: 50%
Magic:  9/9        EV: 12    Int: 14    God:    Okawaru [......]
Gold:   344        SH:  0    Dex: 19    Spells: 8/9 levels left

rFire   . . .        a - +1 falchion
rCold   + . .        (no shield)
rNeg    . . .        z - +0 leather armour of Joy {+Inv Str+6}
rPois   .            g - +0 helmet
rElec   .            (no cloak)
rCorr   .            (no gloves)
SInv    .            (no boots)
Will    .....        (no amulet)
Stlth   +            r - ring of protection from cold
HPRegen 0.27/turn    x - +6 ring of dexterity
MPRegen 0.11/turn

%: no passive effects
@: sanguine armoured
A: hooves 1, ignite blood 1, sanguine armour 1, demonic magic 1
a: Renounce Religion, Evoke Invisibility


You were on level 5 of the Dungeon.
You worshipped Okawaru.
Okawaru was noncommittal.
You visited 2 branches of the dungeon, and saw 6 of its levels.

You collected 344 gold pieces.

Inventory:

Hand Weapons
 a - a +1 falchion (weapon)
Armour
 g - a +0 helmet (worn)
 t - an orb of wrath
 z - the +0 leather armour of Joy (worn) {+Inv Str+6}
   (You found it on level 4 of the Dungeon)

   Str+6:     It affects your strength (+6).
   +Inv:      It lets you turn invisible.
Jewellery
 r - a ring of protection from cold (left hand)
 w - a ring of magical power
 x - a +6 ring of dexterity (right hand)
Wands
 y - a wand of paralysis (9)
Scrolls
 c - 3 scrolls of teleportation
 h - a scroll of blinking
 i - a scroll of fog
 s - a scroll of revelation
Potions
 b - a potion of enlightenment
 d - 4 potions of ambrosia
 e - a potion of invisibility {unknown}
 f - 2 potions of attraction {unknown}
 k - a potion of mutation {unknown}
 m - a potion of resistance {unknown}
 o - a potion of magic {unknown}
 u - 3 potions of curing
 v - a potion of haste {unknown}
 A - a potion of heal wounds {unknown}


   Skills:
 - Level 2.0 Fighting
 + Level 6.8 Long Blades
 - Level 1.7 Dodging
 - Level 2.0 Spellcasting
 - Level 3.0 Conjurations


You had 8 spell levels left.
You knew the following spells:

 Your Spells              Type           Power      Damage    Failure   Level
a - Kiss of Death         Conj/Necr      20%        2d7       16%         1

Your spell library contained the following spells:

 Spells                   Type           Power      Damage    Failure   Level
 Momentum Strike          Conj/Tloc      10%        3d8       22%         2
 Hailstorm                Conj/Ice       5%         3d4       41%         3


Dungeon Overview and Level Annotations

Branches:
Dungeon (5/15)             Temple (1/1) D:4

Altars:
Fedhas
Gozag
Hepliaklqana
Kikubaaqudgha
Makhleb
Okawaru
Qazlal
Ru
Sif Muna
Trog
Uskayaw
Vehumet
Wu Jian
Xom
Yredelemnul

Shops:
D:5 (

Annotations:
D:3 Grinder
D:5 Pikel


Innate Abilities, Weirdness & Mutations

You have large cloven feet.
Your demonic aura sometimes causes spilled blood to erupt in flames.
When seriously injured, your blood forms armour. (AC +6)
Spells you cast may paralyse adjacent enemies.


Message History

The orc is severely wounded.
The orc misses you.
You closely miss the orc.
The orc is severely wounded.
The orc hits you with a +0 hand axe.
You slash the orc!
You kill the orc!
Okawaru accepts your kill.
You slash the orc!
You kill the orc!
Okawaru accepts your kill.
The orc priest calls down the wrath of Beogh upon you.
Pain shoots through your body!
Your blood congeals into armour.
The orc priest invokes the aid of Beogh against you.
Beogh smites you!
* * * LOW HITPOINT WARNING * * *
Items here: ))) ††.
You barely miss the orc priest. The orc priest closely misses you.
You closely miss the orc priest.
The orc priest invokes the aid of Beogh against you.
You barely resist. You barely miss the orc priest.
You kick the orc priest, but do no damage.
The orc priest hits you but does no damage.
You hit the orc priest but do no damage.
You kick the orc priest, but do no damage.
The orc priest invokes the aid of Beogh against you.
You barely resist. You barely miss the orc priest.
You kick the orc priest, but do no damage.
The orc priest hits you but does no damage.
You barely miss the orc priest.
The orc priest looks braver for a moment.
You hit the orc priest but do no damage.
You kick the orc priest, but do no damage.
The orc priest looks encouraged for a moment.
You hit the orc priest but do no damage.
The orc priest mumbles some strange prayers to Beogh against you.
Beogh smites you!
You die...

**,#.####..###..###..........###*
**,** #.###....###.##..##..# *
*** #.##......##..#...,..# *
#.................#,## **
#.###.##.#.####.#.#,** *,
#.....##.#.# *.##.#*,* *,
#####......# *#*,..*** *,
####o#.#***,,,,,** *,
#@#.o.*,,,,,,,***,
#.###o..,,_,,,,,,,
#..#*##...,,,,**,, ##<#
**..,,,***** #.# **.,,****** #.#
*****,***,,,, #.# *,,,,,,,*,***
#.# *,*****,*,** #.#**,*****,,,,*


You could see an orc priest.

Vanquished Creatures
  A scorpion (D:4)
  An orc priest (D:4)
  A hound (D:4)
  Jessica (D:3)
  A sleepcap (D:4)
  2 iguanas
  6 adders
  A worm (D:2)
  3 dart slugs
  13 orcs
  8 endoplasms
  4 giant cockroaches
  10 goblins
  10 hobgoblins
  2 kobolds
  2 quokkas
  9 ball pythons
  6 bats
  3 frilled lizards
  7 rats
91 creatures vanquished.

Notes
Turn   | Place    | Note
-------+----------+-------------------------------------------
     0 | D:1      | wvc the Demonspawn Reaver began the quest for the Orb.
     0 | D:1      | Reached XP level 1. HP: 16/16 MP: 3/3
   151 | D:1      | Reached skill level 3 in Long Blades
   295 | D:1      | Gained mutation: Your demonic aura sometimes causes spilled
                  | blood to erupt in flames. [demonic ancestry]
   295 | D:1      | Reached XP level 2. HP: 18/22 MP: 5/5
   921 | D:2      | Reached XP level 3. HP: 27/27 MP: 6/6
  1062 | D:2      | Reached skill level 4 in Long Blades
  1218 | D:2      | Identified the +0 robe of Servitude {Will+ Str-2 Int+3}
  1375 | D:2      | Gained mutation: When seriously injured, your blood forms
                  | armour. (AC +6) [demonic ancestry]
  1375 | D:2      | Reached XP level 4. HP: 33/33 MP: 7/7
  1819 | D:3      | Found a sacrificial altar of Ru.
  2091 | D:3      | Noticed Jessica
  2097 | D:3      | Killed Jessica
  2098 | D:3      | Reached skill level 5 in Long Blades
  2139 | D:3      | Found a shimmering blue altar of Sif Muna.
  2229 | D:3      | Gained mutation: Spells you cast may paralyse adjacent
                  | enemies. [demonic ancestry]
  2229 | D:3      | Reached XP level 5. HP: 35/38 MP: 8/8
  2271 | D:3      | Noticed Grinder
  2938 | D:4      | Reached skill level 6 in Long Blades
  2938 | D:4      | Gained mutation: You have large cloven feet. [demonic
                  | ancestry]
  2938 | D:4      | Reached XP level 6. HP: 44/44 MP: 9/9
  3004 | D:4      | Found an opulent altar of Gozag.
  3088 | D:4      | Found a radiant altar of Vehumet.
  3210 | D:4      | Found a staircase to the Ecumenical Temple.
  3215 | Temple   | Entered the Ecumenical Temple
  3223 | Temple   | Became a worshipper of Warmaster Okawaru
  3500 | D:4      | Identified the +0 leather armour of Joy {+Inv Str+6}
  3650 | D:5      | Entered Level 5 of the Dungeon
  3690 | D:5      | Found Meiber's Weapon Boutique.
  3720 | D:5      | Noticed Pikel
  4065 | D:5      | Killed from afar by an orc priest

Illustrated notes

Levels and vault maps discovered:
D:1:      saegor_arrival_simple_e, layout_basic
D:2:      layout_rooms
D:3:      layout_loops_corners, amcnicky_altar_gilded, tgw_sif, uniq_grinder
D:4:      layout_loops_ring, nicolae_vehumet_altar_sigil,
          nicolae_overflow_hidden_temple, minmay_temple_entry_statues_pillars,
          kennysheep_opposing_triangles
D:5:      layout_loops_cross, lemuel_coloured_pillars_altar, lemuel_round_altar,
          serial_shops, shop, minmay_misc_feat_five, minmay_misc_feat_room,
          chequers_serial_rivers_marsh, hangedman_decor_push, minivault_19,
          kennysheep_generic_room_7, uniq_pikel
Temple:   nicolae_temple_no_exploring_needed

Skill      XL: |  1  2  3  4  5 |
---------------+----------------+-----
Long Blades    | 3 4 5 6 |  6.8
Fighting       | |  2.0
Dodging        | |  1.7
Spellcasting   | |  2.0
Conjurations   | |  3.0

Action                     |  1- 3 |  4- 6 || total
---------------------------+-------+-------++-------
  Melee: Falchion          |   166 |   227 ||   393
         Kick              |       |    27 ||    27
    Use: Potion            |       |     2 ||     2
         Scroll            |       |     9 ||     9
 Armour: Leather armour    |    41 |    19 ||    60
         Ring mail         |    49 |   107 ||   156
  Dodge: Dodged            |    98 |   109 ||   207

Table legend: (Time is in decaauts)
 A = Elapsed time spent in this place.
 B = Non-inter-level travel time spent in this place.
 C = Inter-level travel time spent in this place.
 D = Time resting spent in this place.
 E = Time spent auto-exploring this place.
 F = Levels seen in this place.
 G = Mean time per level.
                   A        B        C        D        E       F      G
               +--------+--------+--------+--------+--------+-----+--------+
         Total |   4092 |   3917 |    175 |    558 |   2345 |   6 |  682.0 |
       Dungeon |   4077 |   3907 |    170 |    558 |   2345 |   5 |  815.4 |
        Temple |     14 |      9 |      5 |      0 |      0 |   1 |   14.0 |
               +--------+--------+--------+--------+--------+-----+--------+

Top non-repeatable levels by time:
     D:3: 1193 daAuts
     D:4: 1126 daAuts
     D:1: 970 daAuts
     D:2: 439 daAuts
     D:5: 347 daAuts
  Temple: 14 daAuts
